 Dungeon Crawl Stone Soup version 0.29.0-4-gdea44cf6ec (webtiles) character file.

Game seed: 17680944865178135983

1269 xian the Skirmisher (level 8, -16/41 HPs)
             Began as a Spriggan Hunter on Aug 28, 2022.
             Was an Elder of Sif Muna.
             Killed from afar by Maggie (32 damage)
             ... with a bolt of fire
             ... on level 6 of the Dungeon.
             The game lasted 00:12:24 (6146 turns).

xian the Skirmisher (Spriggan Hunter)               Turns: 6146, Time: 00:12:24

Health: -16/41     AC:  4    Str:  9    XL:     8   Next: 28%
Magic:  9/9        EV: 19    Int: 11    God:    Sif Muna [****..]
Gold:   199        SH:  0    Dex: 18    Spells: 7/7 levels left

rFire   . . .      SeeInvis +   a - +0 shortbow
rCold   . . .      Faith    .   (shield currently unavailable)
rNeg    + . .      Spirit   .   i - +2 robe {rN+}
rPois   .          Reflect  .   (helmet restricted)
rElec   .          Harm     .   (no cloak)
rCorr   .          Rampage  .   (gloves unavailable)
Will    +....                   (boots unavailable)
Stlth   ++........              (no amulet)
HPRegen 0.13/turn               l - +4 ring of slaying
MPRegen 0.11/turn               k - ring of wizardry

@: very quick
A: very small, no large weapons, unfitting armour, see invisible, speed 3
a: Renounce Religion, Channel Magic, Forget Spell, Divine Exegesis


You were on level 6 of the Dungeon.
You worshipped Sif Muna.
Sif Muna was greatly pleased with you.
You visited 1 branch of the dungeon, and saw 6 of its levels.
You also visited: Sewer.

You collected 239 gold pieces.
You spent 40 gold pieces at shops.

Inventory:

Hand Weapons
 a - a +0 shortbow (weapon)
 e - a +2 dagger of freezing
Missiles
 t - a throwing net
Armour
 i - a +2 robe of positive energy (worn)
 v - a scarf of repulsion
Jewellery
 k - a ring of wizardry (right hand)
 l - a +4 ring of slaying (left hand)
Wands
 s - a wand of flame (10)
Scrolls
 b - a scroll of immolation
 c - a scroll of amnesia
 d - a scroll of poison
 g - a scroll of fog
 o - 4 scrolls of teleportation
 p - 2 scrolls of identify
Potions
 f - 6 potions of curing
 h - 3 potions of lignification
 j - a potion of cancellation
 m - a potion of brilliance
 n - 2 potions of resistance
 q - a potion of haste {unknown}
 r - 5 potions of heal wounds
 u - 2 potions of flight


   Skills:
 + Level 3.6 Fighting
 + Level 9.7 Ranged Weapons
 + Level 4.0 Dodging
 + Level 2.5 Stealth


You had 7 spell levels left.
You didn't know any spells.
Your spell library contained the following spells:

 Spells                   Type           Power      Damage    Failure   Level
 Apportation              Tloc           0%         N/A       14%         1
 Ensorcelled Hibernation  Hex/Ice        0%         N/A       21%         2
 Passwall                 Tmut/Erth      0%         N/A       21%         2
 Swiftness                Air            0%         N/A       38%         3
 Alistair's Intoxication  Tmut/Pois      0%         N/A       98%         5


Dungeon Overview and Level Annotations

Branches:
Dungeon (6/15)              Sewer (visited)
 Temple: D:4-7

Altars:
Gozag
Hepliaklqana
Okawaru
Qazlal
Sif Muna
Trog
Wu Jian
Xom

Shops:
D:3 (?

Annotations:
D:6 Maggie


Innate Abilities, Weirdness & Mutations

You are very small and have problems with some larger weapons.
You are too small for most types of armour.
You have supernaturally acute eyesight. (SInv)
You cover ground extremely quickly. (Speed+++)


Message History

Maggie the Vainglorious comes into view.
She is wielding a +1 morningstar of flaming.
You shoot an arrow. The arrow closely misses Maggie.
You shoot an arrow. The arrow hits Maggie.
Maggie is lightly wounded.
No target in view!
Unknown command.
You shoot an arrow. The arrow hits Maggie!
Maggie is lightly wounded.
Maggie gestures at you while chanting. The bolt of fire hits you!!
Ouch! That really hurt!
You are too injured to fight recklessly!
You are too injured to fight recklessly!
You are too injured to fight recklessly!
You are too injured to fight recklessly!
You are too injured to fight recklessly!
You are too injured to fight recklessly!
You are too injured to fight recklessly!
Unknown command.
You are too injured to fight recklessly!
You are too injured to fight recklessly!
Fire: a) +0 shortbow
Press: ? - help, Q - select action, (/) - cycle Shift-Dir - straight line, f/p - Maggie
Aim: Maggie, wielding a +1 morningstar of flaming and wearing +1 steam dragon scales (lightly wounded, 70% to hit)
You shoot an arrow. The arrow closely misses Maggie.
Maggie drinks a potion.
Maggie's spells are empowered!
Fire: a) +0 shortbow
Press: ? - help, Q - select action, (/) - cycle Shift-Dir - straight line, f/p - Maggie
Aim: Maggie, wielding a +1 morningstar of flaming and wearing +1 steam dragon scales (lightly wounded, spells empowered, 70% to hit)
You shoot an arrow. The arrow closely misses Maggie.
Unknown command.
Fire: a) +0 shortbow
Press: ? - help, Q - select action, (/) - cycle Shift-Dir - straight line, f/p - Maggie
Aim: Maggie, wielding a +1 morningstar of flaming and wearing +1 steam dragon scales (lightly wounded, spells empowered, 70% to hit)
You shoot an arrow. The arrow hits Maggie!
Maggie is moderately wounded.
Maggie casts a spell at you. The bolt of fire hits you!!
Ouch! That really hurt!
You die...

#. #.# #.. #.##.###.##
#.#.......# #.#..#
#..## ..
#.#..###...###....
#.#..##....@......
######.#..###...###....
............#..## .
.#####.._....@##
#........######
#.#>#..........
#........#####
##.#.....# #.#.#.#<#
#.......# .........#
####.#.#.#


You could see Maggie (empowered).

Vanquished Creatures
  3 yaks (D:5)
  An ice beast (D:5)
  A centaur (D:5)
  A kobold brigand (Sewer)
  A necrophage (D:4)
  A scorpion (D:5)
  A hound (D:5)
  A gnoll bouda (D:5)
  2 orc priests
  Natasha (thrice) (D:2)
  Robin (D:2)
  3 gnolls (D:5)
  7 adders
  2 river rats (Sewer)
  An ufetubus (D:5)
  4 worms
  A dart slug (D:5)
  10 orcs
  4 bats
  10 endoplasms
  16 giant cockroaches
  18 goblins
  13 hobgoblins
  5 jackals (D:4)
  12 quokkas
  6 ball pythons
  5 frilled lizards
  14 kobolds
  3 rats
150 creatures vanquished.

Vanquished Creatures (others)
  An orc wizard (D:5)
  A worm (D:4)
  A goblin (D:4)
3 creatures vanquished.

Grand Total: 153 creatures vanquished

Notes
Turn   | Place    | Note
-------+----------+-------------------------------------------
     0 | D:1      | xian the Spriggan Hunter began the quest for the Orb.
     0 | D:1      | Reached XP level 1. HP: 10/10 MP: 2/2
   122 | D:1      | Reached XP level 2. HP: 14/14 MP: 3/3
   384 | D:1      | Noticed a floating eye
   386 | D:1      | Found a faded altar of an unknown god.
   391 | D:1      | Noticed an eye of devastation
   395 | D:1      | Noticed a shining eye
   395 | D:1      | Noticed a golden eye
   413 | D:1      | Prayed at the altar of an unknown god.
   413 | D:1      | Became a worshipper of Sif Muna the Loreminder
   413 | D:1      | Reached * piety under Sif Muna
   538 | D:1      | Reached XP level 3. HP: 9/18 MP: 4/4
   860 | D:1      | Reached skill level 5 in Ranged Weapons
  1016 | D:2      | Noticed Robin
  1052 | D:2      | Killed Robin
  1350 | D:2      | Reached ** piety under Sif Muna
  1410 | D:2      | Noticed Natasha
  1414 | D:2      | Reached XP level 4. HP: 23/23 MP: 5/5
  1414 | D:2      | Killed Natasha
  1480 | D:2      | Noticed Natasha
  1486 | D:2      | Killed Natasha
  1928 | D:2      | Noticed Natasha
  1935 | D:2      | Killed Natasha
  1936 | D:2      | Reached skill level 6 in Ranged Weapons
  1936 | D:2      | Reached XP level 5. HP: 5/26 MP: 6/6
  2283 | D:3      | Found Anluot's Antique Weapon Shoppe.
  2292 | D:3      | Found an ornate altar of the Wu Jian Council.
  2621 | D:3      | Found a hazy altar of Hepliaklqana.
  3011 | D:3      | Found a bloodstained altar of Trog.
  3167 | D:3      | Found Zimpe's Magic Scroll Boutique.
  3177 | D:3      | Bought a scroll of identify for 20 gold pieces
  3177 | D:3      | Bought a scroll of identify for 20 gold pieces
  3355 | D:4      | Found a glowing drain.
  3386 | D:4      | Reached *** piety under Sif Muna
  3430 | D:4      | Found an iron altar of Okawaru.
  3471 | Sewer    | Entered a sewer
  3528 | Sewer    | Reached skill level 7 in Ranged Weapons
  3528 | Sewer    | Reached XP level 6. HP: 7/32 MP: 7/7
  4531 | D:4      | Found a shimmering altar of Xom.
  4615 | D:5      | Entered Level 5 of the Dungeon
  4641 | D:5      | Found a stormy altar of Qazlal.
  4736 | D:5      | Reached XP level 7. HP: 35/35 MP: 8/8
  4968 | D:5      | Reached skill level 8 in Ranged Weapons
  5012 | D:5      | Noticed a yak
  5012 | D:5      | Noticed a yak
  5012 | D:5      | Noticed a yak
  5044 | D:5      | Killed a yak
  5044 | D:5      | Reached **** piety under Sif Muna
  5052 | D:5      | Killed a yak
  5070 | D:5      | Killed a yak
  5071 | D:5      | Reached skill level 9 in Ranged Weapons
  5071 | D:5      | Reached XP level 8. HP: 20/40 MP: 9/9
  6108 | D:6      | Found an opulent altar of Gozag.
  6136 | D:6      | Noticed Maggie
  6146 | D:6      | Killed from afar by Maggie

Illustrated notes

Levels and vault maps discovered:
D:1:      dpeg_arrival_simpleton_a, layout_basic,
          hellmonk_ecumenical_altar_watching_god
D:2:      layout_loops_ring, uniq_robin, uniq_natasha
D:3:      minmay_roachtagon, layout_basic, lemuel_tele_altar,
          mainiacjoe_overflow_alcove_2, marbit_many_paths, serial_shops,
          nicolae_diamond_shop, shop_fountains, minivault_11, grunt_decor_cap,
          minmay_liquid_box, eino_tiny_chamber, minmay_between
D:4:      layout_loops_ring, xom_confusion_cloud, okawaru_gym_becter,
          cheibrodos_sewer_entry_sluice
D:5:      layout_basic, nicolae_qazlal_scattered_showers, nrook_loot_triangle,
          st_stairs_6, minmay_misc_feat_nine_boxes, kb_lookout_dungeons_type
D:6:      layout_loops_ring, nicolae_gozag_seed_capital,
          minmay_temple_entry_enclosed_plants, uniq_maggie, uniq_duvessa

Skill      XL: |  1  2  3  4  5  6  7  8 |
---------------+-------------------------+-----
Ranged Weapons | 5 6 7 9 |  9.7
Fighting       | 2 3 |  3.6
Stealth        | 2 |  2.5
Dodging        | 3 4 |  4.0

Action                   |  1- 3 |  4- 6 |  7- 9 || total
-------------------------+-------+-------+-------++-------
 Fire: Shortbow          |   124 |   232 |    88 ||   444
  Use: Potion            |     3 |     3 |     1 ||     7
       Scroll            |       |    12 |       ||    12
Armor: Robe              |     3 |    22 |     3 ||    28
Dodge: Dodged            |    35 |   138 |    37 ||   210
